 Dungeon Sprint DCSS version 0.26.1-11-gd32895ea62 (webtiles) character file.

Game seed: 13749963955605540648

81 Zeld the Shield-Bearer (level 4, -4/44 HPs)
             Began as a Deep Dwarf Fighter on June 15, 2021.
             Was a Priest of Makhleb.
             Slain by a flying skull (8 damage)
             ... in the Dungeon (Sprint VII: "The Pits").
             The game lasted 00:01:13 (904 turns).

Zeld the Shield-Bearer (Deep Dwarf Fighter)          Turns: 904, Time: 00:01:13

Health: -4/44      AC:  6    Str: 20    XL:     4   Next: 19%
Magic:  4/4        EV:  9    Int:  9    God:    Makhleb [***...]
Gold:   0          SH: 10    Dex: 12    Spells: 3/3 levels left

rFire    . . .     SeeInvis .   a - +2 hand axe (freeze)
rCold    . . .     Faith    .   c - +0 kite shield
rNeg     . . .     Spirit   .   b - +0 scale mail
rPois    .         Reflect  .   (no helmet)
rElec    .         Harm     .   (no cloak)
rCorr    .         Rampage  .   (no gloves)
Will     .....     NoTele   +   (no boots)
Stlth    ..........             (no amulet)
HPRegen  0.00/turn              (no ring)
MPRegen  0.09/turn              (no ring)

@: non-regenerating
A: damage resistance, heal wounds, sense surroundings 1, no regeneration
a: Heal Wounds, Renounce Religion, Minor Destruction, Lesser Servant of Makhleb


You were in the Dungeon.
You worshipped Makhleb.
Makhleb was most pleased with you.
You visited 1 branch

Inventory:

Hand Weapons
 a - a +2 hand axe of freezing (weapon)
Armour
 b - a +0 scale mail (worn)
 c - a +0 kite shield (worn)
Scrolls
 j - a scroll of blinking
 l - 3 scrolls of remove curse
 m - 5 scrolls of amnesia
 n - a scroll of summoning
Potions
 d - a potion of might
 e - 6 potions of curing
 f - 6 potions of heal wounds
 g - a potion of haste
 h - 4 potions of magic
 i - 3 potions of berserk rage
 k - 2 potions of invisibility


   Skills:
 + Level 4.0 Fighting
 * Level 5.6 Axes
 - Level 3.2 Armour
 + Level 3.4 Dodging
 * Level 6.1 Shields


You had 3 spell levels left.
You didn't know any spells.
Your spell library was empty.

Dungeon Overview and Level Annotations

Branches:
Dungeon (1/1)

Altars:
Ashenzari
Cheibriados
Dithmenos
Elyvilon
Fedhas
Gozag
Hepliaklqana
Kikubaaqudgha
Makhleb
Nemelex Xobeh
Okawaru
Qazlal
Ru
Sif Muna
Trog
Uskayaw
Vehumet
Wu Jian
Xom
Yredelemnul
Zin
The Shining One
Beogh
Jiyva
Lugonu


Innate Abilities, Weirdness & Mutations

You are resistant to damage.
You can heal yourself by infusing magical energy.
You passively map a small area around you.
You do not regenerate.


Message History

The flying skull is moderately damaged.
You block the flying skull's attack. x2
You miss the flying skull.
The flying skull is moderately damaged.
The flying skull hits you but does no damage.
The flying skull hits you.
You completely miss the flying skull.
The flying skull is moderately damaged.
You hit the phantom. The flying skull completely misses you.
You block the phantom's attack.
You closely miss the flying skull.
The flying skull is moderately damaged.
You hit the phantom. The flying skull hits you.
* * * LOW HITPOINT WARNING * * *
You block the phantom's attack. The flying skull hits you!
* * * LOW HITPOINT WARNING * * *
You hit the flying skull but do no damage.
The flying skull is moderately damaged.
You barely miss the phantom. The flying skull hits you!
You die...

#...........'.....
#'#####'#####.....
#.#..#...'.##.....
#.#..#...#.#####'#
#.#..#####.##.....
#.#..)÷..#.##.....
#.#..'...).##.....
#W#.÷########...<.
#@#..'[))).##.....
#z#..#[))).##.....
#l###########.....
#gJ# * * *######
#.... * * ##.#.# ,
,, ...W. , , *
.#.#.# ... ..# ,


You could see a phantom, a flying skull, an iguana, an ooze and a hobgoblin.

Vanquished Creatures
  A hound (D)
  A worker ant (D)
  A gnoll (D)
  An adder zombie (D)
  An orc (D)
  A ball python (D)
  A goblin (D)
  A hobgoblin (D)
  A quokka (D)
  A bat (D)
10 creatures vanquished.

Notes
Turn   | Place    | Note
-------+----------+-------------------------------------------
     0 | D        | Zeld the Deep Dwarf Fighter began the quest for the Orb.
     0 | D        | Reached XP level 1. HP: 20/20 MP: 1/1
    20 | D        | Found a bloodstained altar of Trog.
    20 | D        | Found a shimmering blue altar of Sif Muna.
    20 | D        | Found a viscous altar of Jiyva.
    20 | D        | Found a hazy altar of Hepliaklqana.
    20 | D        | Found an opulent altar of Gozag.
    21 | D        | Found a glowing golden altar of the Shining One.
    21 | D        | Found a glowing silver altar of Zin.
    21 | D        | Found a basalt altar of Yredelemnul.
    21 | D        | Found a shimmering altar of Xom.
    21 | D        | Found an ornate altar of the Wu Jian Council.
    21 | D        | Found a sacrificial altar of Ru.
    21 | D        | Found a stormy altar of Qazlal.
    21 | D        | Found an iron altar of Okawaru.
    21 | D        | Found a sparkling altar of Nemelex Xobeh.
    21 | D        | Found a burning altar of Makhleb.
    21 | D        | Found a blossoming altar of Fedhas.
    21 | D        | Found a white marble altar of Elyvilon.
    21 | D        | Found a shadowy altar of Dithmenos.
    21 | D        | Found a snail-covered altar of Cheibriados.
    22 | D        | Found a radiant altar of Vehumet.
    22 | D        | Found a corrupted altar of Lugonu.
    22 | D        | Found a roughly hewn altar of Beogh.
    23 | D        | Found a hide-covered altar of Uskayaw.
    23 | D        | Found an ancient bone altar of Kikubaaqudgha.
    23 | D        | Found a broken altar of Ashenzari.
    29 | D        | Became a worshipper of Makhleb the Destroyer
   343 | D        | Reached skill level 1 in Dodging
   350 | D        | Reached * piety under Makhleb
   351 | D        | Reached skill level 4 in Shields
   351 | D        | Reached XP level 2. HP: 22/28 MP: 2/2
   492 | D        | Reached ** piety under Makhleb
   500 | D        | Reached skill level 5 in Shields
   500 | D        | Reached XP level 3. HP: 27/36 MP: 3/3
   873 | D        | Noticed a phantom
   874 | D        | Noticed a flying skull
   893 | D        | Reached *** piety under Makhleb
   894 | D        | Reached skill level 5 in Axes
   894 | D        | Reached skill level 6 in Shields
   894 | D        | Reached XP level 4. HP: 33/44 MP: 4/4
   904 | D        | Slain by a flying skull

Illustrated notes

Levels and vault maps discovered:
D:        pitsprint [storerooms_1, entrance_room_1, metal_vault_1, armoury_2,
          mini_pit_1, grid_room_1, main_hall_1, silver_pit, the_coven_2,
          the_vestibule_1, steel_vault_2, golden_pit, hallway_of_sentries,
          crystal_vault_3, iron_vault_2, final_vault]

Skill      XL: |  1  2  3 |
---------------+----------+-----
Dodging        | 1 2 3 |  3.4
Fighting       | 3 4 |  4.0
Axes           | 3 4 5 |  5.6
Shields        | 4 5 6 |  6.1
Armour         | |  3.2

Action                   |  1- 3 |  4- 6 || total
-------------------------+-------+-------++-------
Melee: Hand axe          |    45 |    11 ||    56
       War axe           |     2 |       ||     2
Armor: Scale mail        |    21 |     3 ||    24
Dodge: Dodged            |    24 |     4 ||    28
Block: Kite shield       |    25 |     5 ||    30
